 Dungeon Crawl Stone Soup version 0.26.1-10-gdfb7c7de75 (webtiles) character file.

Game seed: 18134429272210479028

3 Elvor the Sneak (level 1, -7/14 HPs)
             Began as a Gargoyle Delver on Apr 12, 2021.
             Shot with an arrow by a centaur (10 damage)
             ... on level 5 of the Dungeon.
             The game lasted 00:02:44 (292 turns).

Elvor the Sneak (Gargoyle Delver)                    Turns: 292, Time: 00:02:44

Health: -7/14      AC:  5    Str: 15    XL:     1   Next: 50%
Magic:  1/1        EV: 11    Int: 10    God:
Gold:   67         SH:  0    Dex: 11    Spells: 0/0 levels left

rFire    . . .     SeeInvis .   a - +0 mace
rCold    . . .     Faith    .   (no shield)
rNeg     + . .     Spirit   .   b - +0 leather armour
rPois    ∞         Reflect  .   (no helmet)
rElec    +         Harm     .   (no cloak)
rCorr    .         Rampage  .   (no gloves)
Will     .....                  (no boots)
Stlth    +++.......             (no amulet)
HPRegen  0.04/turn              (no ring)
MPRegen  0.07/turn              (no ring)

@: no status effects
A: negative energy resistance 1, electricity resistance, unbreathing,
petrification resistance, miasma immunity, AC +2
a: no special abilities


You were on level 5 of the Dungeon.
You visited 1 branch of the dungeon, and saw 1 of its levels.

You collected 67 gold pieces.

Inventory:

Hand Weapons
 a - a +0 mace (weapon)
Armour
 b - a +0 leather armour (worn)
Wands
 g - a wand of digging (3)
Scrolls
 d - a scroll of magic mapping
 e - 2 scrolls of fear
 h - a scroll of teleportation {unknown}
 i - 2 scrolls of remove curse {unknown}
 j - a scroll of identify {unknown}
 k - a scroll of blinking {unknown}
Potions
 f - 2 potions of haste


   Skills:
 + Level 3.3 Fighting
 + Level 2.0 Maces & Flails
 + Level 1.5 Dodging
 + Level 5.6 Stealth


You couldn't memorise any spells.
You didn't know any spells.
Your spell library contained the following spells:

 Spells                   Type           Power        Failure   Level
 Sandblast                Erth           0%           43%         1
 Passwall                 Tmut/Erth      0%           56%         2
 Stone Arrow              Conj/Erth      0%           80%         3
 Petrify                  Tmut/Erth      0%           99%         4
 Lee's Rapid Deconstruct  Erth           0%           100%        5


Dungeon Overview and Level Annotations

Branches:
Dungeon (5/15)
 Temple: D:4-7

Altars:
Dithmenos
Wu Jian
The Shining One

Annotations:
D:5 2 transporters


Innate Abilities, Weirdness & Mutations

You are resistant to torment.
Your stone body is resilient. (AC +2)
You are immune to poison.
You resist negative energy. (rN+)
You are resistant to electric shocks. (rElec)
You can survive without breathing.
You are immune to petrification.
You are immune to miasma.


Message History

Found 13 gold pieces.
You now have 67 gold pieces (gained 13).
As you open the door, it creaks loudly!
A centaur comes into view.
The centaur shouts!
The centaur wields a +0 shortbow.
The centaur shoots an arrow.
The arrow hits you!
Ouch! That really hurt!
* * * LOW HITPOINT WARNING * * *
You close the door.
Okay, then.
Something unseen opens the door.
Okay, then.
As you read the scroll of fog, it crumbles to dust.
The scroll dissolves into smoke.
The centaur unwields a +0 shortbow.
The centaur barely misses you.
The centaur wields a +0 shortbow.
The centaur shoots an arrow.
The arrow hits you!
Ouch! That really hurt!
You die...

###### ######
#####§§..########....##
#..§c§§§.#......#....#.
#...#§@§§#......#....#.
##..#§§§§#..##..#....#.
#. #§§§§#..##..#....#.
c. #....#...'..#....#.
.. #....#####..'....##
.## #........####....#.
#................#.
#...........<#'###.
#............#..###


You could see a centaur.

Vanquished Creatures
  An adder zombie (D:5)
1 creature vanquished.

Notes
Turn   | Place    | Note
-------+----------+-------------------------------------------
     0 | D:5      | Elvor the Gargoyle Delver began the quest for the Orb.
     0 | D:5      | Reached XP level 1. HP: 14/14 MP: 1/1
    43 | D:5      | Found a transporter.
    59 | D:5      | Found a transporter.
    68 | D:5      | Found a shadowy altar of Dithmenos.
    68 | D:5      | Found a glowing golden altar of the Shining One.
    68 | D:5      | Found an ornate altar of the Wu Jian Council.
   287 | D:5      | Noticed a centaur
   292 | D:5      | Shot with an arrow by a centaur

Illustrated notes

Levels and vault maps discovered:
D:5:      gammafunk_wand_slinger, layout_gridville,
          grunt_temple_overflow_opulence, lemuel_crystal_altar,
          gammafunk_temple_overflow_forgotten, minmay_temple_entry_statues,
          kennysheep_boxes, uniq_eustachio

Action                   || total
-------------------------++-------
Melee: Mace              ||     5
  Use: Scroll            ||     1
 Stab: Sleeping          ||     1
Armor: Leather armour    ||     3
Dodge: Dodged            ||     3
